 Dungeon Crawl Stone Soup version 0.30-a0-1124-g6e8f0f562f (webtiles) character file.

Game seed: 16766942899664954951

16634 tilp the Geomancer (level 13, 0/111 HPs)
             Began as a Meteoran Earth Elementalist on Apr 23, 2023.
             Was a Priest of Vehumet.
             Slain by a boulder beetle (14 damage)
             ... on level 10 of the Dungeon on Apr 24, 2023.
             The game lasted 00:25:42 (4284 turns).

tilp the Geomancer (Meteoran Earth Elementalist)    Turns: 4284, Time: 00:25:43

Health: 0/111      AC:  8    Str: 11    XL:     13   Next: 7%
Magic:  11/26      EV: 16    Int: 20    God:    Vehumet [***...]
Gold:   177        SH:  5    Dex: 16    Spells: 24/28 levels left

rFire   . . .        b - staff of earth
rCold   + + .        (no shield)
rNeg    . . .        u - +0 leather armour {rC+}
rPois   .            z - +2 hat
rElec   .            o - +0 cloak
rCorr   .            B - +1 pair of gloves
SInv    .            (no boots)
Will    +....        e - amulet of reflection
Stlth   +            y - ring of protection from cold
HPRegen 0.38/turn    (no ring)
MPRegen 0.20/turn

%: reflection
@: glowing
A: sense surroundings 2, otherworldly, glowing, explore regen
a: Renounce Religion


You were on level 10 of the Dungeon.
You worshipped Vehumet.
Vehumet was most pleased with you.
You visited 2 branches of the dungeon, and saw 12 of its levels.

You collected 454 gold pieces.
You spent 277 gold pieces at shops.

Inventory:

Hand Weapons
 a - a +1 flail of draining
 k - a -1 demon whip of venom
 q - a +2 dire flail
 s - the +1 war axe of Eruxeihi {heavy, rN+ Str+2 Int+4}
   (You found it on level 7 of the Dungeon)

   Str:       It affects your strength (+2).
   Int:       It affects your intelligence (+4).
   rN:        It protects you from negative energy.
Missiles
 f - 13 boomerangs (quivered)
 w - 2 throwing nets {!f}
 C - 8 poisoned darts
Armour
 h - a +0 robe
 m - a +1 helmet
 o - a +0 cloak (worn)
 u - a +0 leather armour of cold resistance (worn)
 z - a +2 hat (worn)
 B - a +1 pair of gloves (worn)
Magical Staves
 b - a staff of earth (weapon)
Jewellery
 c - the amulet "Unaogegi" {Acrobat rN+}
   (You took it off a human on level 9 of the Dungeon)

   [amulet of the acrobat]

   It increases your evasion while moving and waiting.
   rN:        It protects you from negative energy.
 e - an amulet of reflection (around neck)
 y - a ring of protection from cold (left hand)
Wands
 t - a wand of roots (17)
 A - a wand of charming (9)
Scrolls
 n - a scroll of immolation
 x - a scroll of vulnerability
Potions
 d - 2 potions of curing
 g - a potion of brilliance
 i - a potion of magic
 j - 3 potions of flight
 l - 4 potions of lignification
 p - a potion of invisibility
 r - 3 potions of haste
 v - 2 potions of mutation


   Skills:
 * Level 9.5 Fighting
 + Level 9.1 Maces & Flails
 - Level 4.0 Throwing
 + Level 3.8 Armour
 + Level 8.9 Dodging
 - Level 1.4 Stealth
 + Level 8.1 Spellcasting
 * Level 8.2 Conjurations
 - Level 1.2 Transmutations
 + Level 10.7 Earth Magic
 + Level 7.2 Evocations


You had 24 spell levels left.
You knew the following spells:

 Your Spells              Type           Power      Damage    Failure   Level
a - Sandblast             Erth           100%       2d20      1%          1
b - Stone Arrow           Conj/Erth      100%       3d13      1%          3

Your spell library contained the following spells:

 Spells                   Type           Power      Damage    Failure   Level
 Volatile Blastmotes      Fire/Tloc      16%        2d11      9%          3
 Passwall                 Tmut/Erth      39%        N/A       1%          2
 Ignite Poison            Fire/Tmut/Pois 9%         N/A       7%          3
 Petrify                  Tmut/Erth      47%        N/A       10%         4
 Apportation              Tloc           16%        N/A       11%         1
 Necrotise                Necr           32%        1d5       11%         1
 Summon Small Mammal      Summ           32%        N/A       11%         1
 Cigotuvi's Dreadful Rot  Necr/Pois/Air  16%        N/A       16%         2
 Freezing Cloud           Conj/Ice/Air   9%         6-21      24%         5
 Anguish                  Hex/Necr       4%         N/A       71%         4
 Cause Fear               Hex            4%         N/A       71%         4
 Enfeeble                 Hex            4%         N/A       100%        7


Dungeon Overview and Level Annotations

Branches:
Dungeon (11/15) Zot: 2214  Temple (1/1) D:5 Zot: 543     Orc (0/2) D:11
   Lair: D:8-11

Altars:
Ashenzari
Cheibriados
Dithmenos
Fedhas
Gozag
Hepliaklqana
Kikubaaqudgha
Makhleb
Nemelex Xobeh
Okawaru
Ru
Sif Muna
Trog
Uskayaw
Vehumet
Wu Jian
Xom
Yredelemnul
Zin

Shops:
D:4 [   D:8 [   D:9 ?   D:10 [

Annotations:
D:3 3 runed translucent doors, Takeo's ghost, weakling DEAE
D:9 exclusion: ice statue


Innate Abilities, Weirdness & Mutations

You passively map the area around you.
You are easily found by Zot.
You glow in the dark.
You regain HP and MP as you explore.


Message History

The boulder beetle bites you!
* * * LOW HITPOINT WARNING * * *
Casting: Stone Arrow (safe; 1% risk of failure)
Confirm with . or Enter, or press ? or * to list all spells.
Aiming: Stone Arrow (safe; 1% risk of failure)
Press: ? - help, Shift-Dir - straight line, f/p - boulder beetle
Aim: a boulder beetle (moderately wounded, constricted by roots, 100% to hit)
You feel a surge of power!
The stone arrow hits the boulder beetle!
The boulder beetle is heavily wounded.
The grasping roots constrict the boulder beetle.
Something hits you!
* * * LOW HITPOINT WARNING * * *
The boulder beetle bites you.
* * * LOW HITPOINT WARNING * * *
Unknown command.
Casting: Stone Arrow (safe; 1% risk of failure)
Confirm with . or Enter, or press ? or * to list all spells.
Aiming: Stone Arrow (safe; 1% risk of failure)
Press: ? - help, Shift-Dir - straight line, f/p - boulder beetle
Aim: a boulder beetle (heavily wounded, constricted by roots, 100% to hit)
You feel a surge of power!
The stone arrow hits the boulder beetle!
The boulder beetle is severely wounded.
The grasping roots constrict the boulder beetle.
The roots release their grip on the boulder beetle.
The boulder beetle bites you.
* * * LOW HITPOINT WARNING * * *
You block something's attack.
Unknown command.
Casting: Stone Arrow (safe; 1% risk of failure)
Confirm with . or Enter, or press ? or * to list all spells.
Aiming: Stone Arrow (safe; 1% risk of failure)
Press: ? - help, Shift-Dir - straight line, f/p - boulder beetle
Aim: a boulder beetle (severely wounded, 100% to hit)
You feel a surge of power!
The stone arrow hits the boulder beetle.
The boulder beetle is severely wounded.
Something barely misses you. The boulder beetle bites you!
You die...

, ,........## ,,, ♣._....
* , .........# ...
♣⌠..... ,
,,.........##*...♣#♣....♣
,* , ..........#*
...♣#♣♣♣♣♣ , *
,........○.### ♣..♣#####
....#####...###♣....... *
,* , , ...
#.........###...... , ..
#..B....#.......>.# * , .
#.@.....#.........# *
#.......#.........# ,
#.......#.........# ,
..#.......#.........# *
...'.......#..#####..# ,,
....###.....#..# #..# * ,
......#.....#..# ,#..# ,
......##+#..'..#...#..# ,
,.........#..#..#...#..#


You could see a boulder beetle.

Vanquished Creatures
  Erolcha (D:9)
  A two-headed ogre (D:9)
  Amaemon (D:10)
  Joseph (D:9)
  An orange demon (D:10)
  A kobold demonologist (D:9)
  A komodo dragon (D:11)
  A hornet (D:10)
  A shadow (D:9)
  A vampire (D:9)
  A wyvern (D:10)
  A wraith (D:10)
  6 humans (D:9)
  10 yaks
  Eustachio (D:4)
  Menkaure (D:4)
  2 vampire mosquitoes (D:10)
  A water moccasin (D:5)
  3 orc warriors
  2 sky beasts
  A black bear (D:6)
  5 ogres
  2 centaurs
  A kobold brigand (D:9)
  4 bullfrogs
  A scorpion (D:7)
  A gnoll sergeant (D:8)
  10 wights
  10 killer bees
  3 howler monkeys
  2 hounds
  5 orc priests
  A jelly (D:4)
  A gnoll bouda (D:4)
  3 iguanas
  A sleepcap (D:6)
  6 orc wizards
  Ijyb (D:4)
  Robin (D:2)
  8 adders
  10 gnolls
  A shadow imp (D:5)
  6 ufetubi (D:9)
  A worm (D:3)
  2 dart slugs
  21 orcs
  5 ball pythons
  A bat (D:2)
  6 endoplasms
  6 giant cockroaches
  13 goblins
  13 hobgoblins
  4 jackals (D:1)
  5 quokkas
  3 frilled lizards
  8 kobolds
  8 rats
218 creatures vanquished.

Vanquished Creatures (others)
  A yak (D:8)
1 creature vanquished.

Grand Total: 219 creatures vanquished

Notes
Turn   | Place    | Note
-------+----------+-------------------------------------------
     0 | D:1      | tilp the Meteoran Earth Elementalist began the quest for
                  | the Orb.
     0 | D:1      | Reached XP level 1. HP: 14/14 MP: 5/5
    90 | D:1      | Found a faded altar of an unknown god.
   126 | D:1      | Reached XP level 2. HP: 22/22 MP: 4/6
   220 | D:2      | Noticed Robin
   235 | D:2      | Reached skill level 1 in Fighting
   252 | D:1      | Reached skill level 4 in Earth Magic
   260 | D:1      | Reached XP level 3. HP: 27/28 MP: 0/8
   472 | D:2      | Reached XP level 4. HP: 35/35 MP: 7/9
   500 | D:2      | Reached skill level 1 in Maces & Flails
   631 | D:2      | Killed Robin
   861 | D:3      | Learned a level 3 spell: Stone Arrow
   884 | D:4      | Found Xuaps's Antique Armour Emporium.
   942 | D:4      | Reached skill level 1 in Throwing
   942 | D:4      | Reached XP level 5. HP: 32/41 MP: 5/10
  1048 | D:3      | Found a runed translucent gate.
  1049 | D:3      | Found a runed translucent gate.
  1049 | D:3      | Identified the +5 spear "Nouf Cia" {freeze, Contam Dex+4}
  1049 | D:3      | Noticed Takeo's ghost (weakling DEAE)
  1050 | D:3      | Found a runed translucent gate.
  1218 | D:4      | HP: 2/41 [gnoll/+0 flail[a gnoll bouda] (4)]
  1223 | D:4      | Reached skill level 1 in Conjurations
  1223 | D:4      | Reached XP level 6. HP: 11/50 MP: 6/12
  1246 | D:4      | Reached skill level 5 in Earth Magic
  1468 | D:4      | Reached XP level 7. HP: 56/56 MP: 10/13
  1474 | D:5      | Entered Level 5 of the Dungeon
  1483 | D:4      | Noticed Ijyb
  1492 | D:4      | Killed Ijyb
  1622 | D:4      | Noticed Menkaure
  1626 | D:4      | Killed Menkaure
  1780 | D:4      | Noticed Eustachio
  1811 | D:4      | Killed Eustachio
  1812 | D:4      | Reached skill level 6 in Earth Magic
  1812 | D:4      | Reached XP level 8. HP: 61/66 MP: 1/15
  1911 | D:5      | Found a shimmering altar of Xom.
  1912 | D:5      | Found a sacrificial altar of Ru.
  1915 | D:5      | Found a hazy altar of Hepliaklqana.
  1915 | D:5      | Found an ornate altar of the Wu Jian Council.
  1915 | D:5      | Found a blossoming altar of Fedhas.
  1959 | D:5      | Reached skill level 5 in Spellcasting
  1959 | D:5      | Reached skill level 7 in Earth Magic
  1962 | D:5      | Reached skill level 5 in Dodging
  1964 | D:5      | Noticed a yak
  1992 | D:5      | Killed a yak
  1993 | D:5      | Reached skill level 8 in Earth Magic
  1993 | D:5      | Gained mutation: You passively map the area around you.
                  | [Meteoran growth]
  1993 | D:5      | Reached XP level 9. HP: 21/71 MP: 3/17
  2131 | D:5      | Found a staircase to the Ecumenical Temple.
  2141 | D:6      | Reached skill level 1 in Evocations
  2158 | Temple   | Entered the Ecumenical Temple
  2186 | Temple   | Became a worshipper of Vehumet
  2512 | D:7      | Identified the +1 war axe of Eruxeihi {heavy, rN+ Str+2
                  | Int+4}
  2585 | D:7      | Reached skill level 5 in Fighting
  2690 | D:8      | Reached XP level 10. HP: 81/81 MP: 16/19
  2735 | D:8      | Reached * piety under Vehumet
  2735 | D:8      | Offered knowledge of Shock by Vehumet.
  2888 | D:8      | Reached skill level 5 in Maces & Flails
  2888 | D:8      | Reached skill level 9 in Earth Magic
  2933 | D:9      | Noticed a two-headed ogre
  2946 | D:9      | Killed a two-headed ogre
  2947 | D:9      | Reached skill level 5 in Evocations
  3072 | D:8      | Found Wugaapt's Armour Shop.
  3077 | D:8      | Bought a +0 pair of gloves for 67 gold pieces
  3286 | D:9      | Reached XP level 11. HP: 48/91 MP: 17/21
  3440 | D:10     | Entered Level 10 of the Dungeon
  3440 | D:10     | Found Ybitaib's Antique Armour Boutique.
  3456 | D:10     | Bought a glowing hat for 210 gold pieces
  3497 | D:9      | Reached skill level 10 in Earth Magic
  3499 | D:9      | Offered knowledge of Poisonous Vapours by Vehumet.
  3504 | D:9      | Reached ** piety under Vehumet
  3540 | D:9      | Found Liesoss's Magic Scroll Emporium.
  3571 | D:9      | Reached skill level 5 in Conjurations
  3580 | D:9      | Noticed Erolcha
  3641 | D:9      | Noticed an ice statue
  3728 | D:9      | Identified the amulet "Unaogegi" {Acrobat rN+}
  3811 | D:9      | Killed Erolcha
  3883 | D:9      | Noticed Joseph
  3887 | D:9      | Killed Joseph
  3893 | D:9      | Offered knowledge of Volatile Blastmotes by Vehumet.
  4013 | D:10     | Reached skill level 1 in Armour
  4041 | D:10     | Reached XP level 12. HP: 24/104 MP: 20/24
  4081 | D:11     | Noticed Amaemon
  4087 | D:10     | Killed Amaemon
  4090 | D:10     | Reached XP level 13. HP: 26/111 MP: 11/26
  4151 | D:10     | Found a basalt altar of Yredelemnul.
  4175 | D:10     | Reached *** piety under Vehumet
  4206 | D:10     | Noticed a boulder beetle
  4284 | D:10     | Slain by a boulder beetle

Illustrated notes

Levels and vault maps discovered:
D:1:      dpeg_arrival_rooms_c, layout_loops_ring, ebering_ecumenical_altar_rust
D:2:      layout_loops_ring, kennysheep_pointless_box, uniq_robin, uniq_sigmund
D:3:      layout_basic, biasface_ghost_orc_armoury
D:4:      layout_loops_ring, serial_shops, shop, uniq_menkaure, uniq_eustachio,
          uniq_ijyb
D:5:      wander_river, layout_cave_pods, grunt_temple_overflow_open,
          minmay_temple_entry_glass, serial_co_window_serial,
          co_window_of_opportunity_a, co_window_paths_b,
          co_window_of_opportunity_a, co_window_paths_a, co_window_corner_a,
          co_window_corner_a, co_window_corner_a, co_window_corner_b,
          co_window_corner_ca, co_window_paths_c, co_window_corner_b,
          co_window_paths_e, glass_columns_a, glass_columns_c, glass_columns_a,
          glass_columns_b, glass_columns_b, minmay_manual_maat, uniq_pikel
D:6:      layout_basic
D:7:      layout_gridville, general_overflow_altar, serial_bayou_pond_e
D:8:      layout_basic, serial_shops, shop
D:9:      cheibrodos_frozen_isle, layout_loops_ring, nicolae_take_the_stairs,
          minmay_ruffians, uniq_erolcha, uniq_joseph
D:10:     minmay_ornate_pinched, layout_irregular_city, kennysheep_ying_yang,
          kennysheep_mini_moat, serial_shops, nicolae_shop_tiny_glass
D:11:     layout_long_grid, lair_entry_dummy, hiddenorc1_lemuel, serial_shops,
          shop_statue, minmay_door_square, nrook_uturn, minmay_pinched_square,
          uniq_amaemon
Temple:   hellmonk_temple_forest_ring

Skill      XL: |  1  2  3  4  5  6  7  8  9 10 11 12 |
---------------+-------------------------------------+-----
Fighting       | 1 2 4 5 6 9 |  9.5
Earth Magic    | 4 5 6 8 9 10 | 10.7
Spellcasting   | 3 4 5 6 7 8 |  8.1
Maces & Flails | 1 2 3 4 5 8 9 |  9.1
Dodging        | 3 4 5 6 7 8 |  8.9
Throwing       | 1 2 3 4 |  4.0
Conjurations   | 1 2 3 4 7 8 |  8.2
Evocations     | 3 5 7 |  7.2
Armour         | 3 |  3.8
Stealth        | |  1.4
Transmutations | |  1.2

Action                     |  1- 3 |  4- 6 |  7- 9 | 10-12 | 13-15 || total
---------------------------+-------+-------+-------+-------+-------++-------
  Melee: Unarmed           |     2 |       |       |       |       ||     2
         Dagger            |    13 |     4 |     1 |       |       ||    18
         Flail             |       |       |     7 |     1 |       ||     8
         Staff             |       |       |       |     5 |       ||     5
         Punch             |       |       |       |     1 |       ||     1
   Cast: Sandblast         |    36 |    74 |    95 |   100 |     5 ||   310
         Stone Arrow       |       |     1 |    19 |    59 |    17 ||    96
  Evoke: Wand              |       |       |     6 |     3 |     2 ||    11
    Use: Scroll            |       |     7 |     6 |     5 |     1 ||    19
         Potion            |       |     3 |       |     2 |       ||     5
 Armour: Robe              |     9 |    10 |       |       |       ||    19
         Leather armour    |       |       |    36 |    21 |    20 ||    77
  Dodge: Dodged            |    22 |    27 |    51 |    60 |    19 ||   179
  Block: Other             |    17 |    10 |    23 |    22 |    14 ||    86
         Reflection        |       |       |       |     3 |       ||     3

Table legend: (Time is in decaauts)
 A = Elapsed time spent in this place.
 B = Non-inter-level travel time spent in this place.
 C = Inter-level travel time spent in this place.
 D = Time resting spent in this place.
 E = Time spent auto-exploring this place.
 F = Levels seen in this place.
 G = Mean time per level.
                   A        B        C        D        E       F      G
               +--------+--------+--------+--------+--------+-----+--------+
         Total |   4441 |   4059 |    382 |     56 |      0 |  12 |  370.1 |
       Dungeon |   4385 |   4003 |    382 |     56 |      0 |  11 |  398.6 |
        Temple |     56 |     56 |      0 |      0 |      0 |   1 |   56.0 |
               +--------+--------+--------+--------+--------+-----+--------+

Top non-repeatable levels by time:
     D:9: 793 daAuts
     D:8: 610 daAuts
     D:4: 598 daAuts
     D:1: 521 daAuts
     D:3: 487 daAuts
     D:2: 327 daAuts
    D:10: 324 daAuts
     D:5: 303 daAuts
     D:6: 204 daAuts
     D:7: 197 daAuts
  Temple: 56 daAuts
    D:11: 16 daAuts
